 Dungeon Crawl Stone Soup version 0.29.0-4-gdea44cf6ec (webtiles) character file.

Game seed: 250544849953658900

8757 qw the Cleaver (level 11, 0/87 (89) HPs)
             Began as a Formicid Cinder Acolyte on Sept 4, 2022.
             Was an Initiate of Ignis.
             Succumbed to a gnoll's poison
             ... on level 9 of the Dungeon.
             The game lasted 00:04:10 (11491 turns).

qw the Cleaver (Formicid Cinder Acolyte)           Turns: 11491, Time: 00:04:10

HP:   0/87 (89)     AC: 25    Str: 28    XL:     11   Next: 61%
MP:   12/12         EV: 13    Int: 14    God:    Ignis [......]
Gold: 552           SH:  0    Dex: 15    Spells: 12/12 levels left

rFire   + . .      SeeInvis +   Y - +1 battleaxe (vorpal)
rCold   + . .      Faith    .   (no shield)
rNeg    . . .      Spirit   .   q - +0 plate armour
rPois   .          Reflect  .   (helmet unavailable)
rElec   .          Harm     .   (no cloak)
rCorr   .          Rampage  .   r - +1 pair of gloves {Str+3}
Will    +....                   e - +1 pair of boots of Salvation {+Inv}
Stlth   ..........              b - amulet of the Prince of Darkness {Acrobat Str+2 Dex+6}
HPRegen 0.24/turn               h - +4 ring of evasion
MPRegen 0.13/turn               p - ring of protection from cold

@: lethally poisoned (0 -> -18), fiery-armoured, lightly drained
A: permanent stasis, dig shafts and tunnels, antennae 3, four strong arms
a: Dig, Shaft Self, Renounce Religion, Evoke Invisibility, Rising Flame


You were on level 9 of the Dungeon.
You worshipped Ignis.
Ignis was noncommittal.
You visited 1 branch of the dungeon, and saw 9 of its levels.
You also visited: Sewer and Ossuary.

You collected 552 gold pieces.


Innate Abilities, Weirdness & Mutations

You cannot be hasted, slowed, berserked, paralysed or teleported.
You can dig through walls and to a lower floor.
You have a pair of large antennae on your head. (SInv)
Your four strong arms can wield two-handed weapons with a shield.


   Skills:
 - Level 9.0 Fighting
 + Level 13.3 Axes
 - Level 2.2 Throwing
 - Level 8.1 Armour
 - Level 3.0 Dodging
 - Level 1.1 Spellcasting
 - Level 3.0 Fire Magic


You had 12 spell levels left.
You didn't know any spells.
Your spell library contained the following spells:

 Spells                   Type           Power      Damage    Failure   Level
 Scorch                   Fire           18%        2d6       71%         2

Inventory:

Hand Weapons
 a - a -1 hand axe of flaming
 Y - a +1 vorpal battleaxe (weapon)
Armour
 e - the +1 pair of boots of Salvation (worn) {+Inv}
   (You acquired it on level 4 of the Dungeon)

   +Inv:      It lets you turn invisible.
 n - a +0 chain mail of fire resistance
 q - a +0 plate armour (worn)
 r - a +1 pair of gloves of strength (worn)
Jewellery
 b - the amulet of the Prince of Darkness (around neck) {Acrobat Str+2 Dex+6}
   (You acquired it on level 3 of the Dungeon)

   [amulet of the acrobat]

   It increases your evasion while moving and waiting.
   Str:       It affects your strength (+2).
   Dex:       It affects your dexterity (+6).
 h - a +4 ring of evasion (left hand)
 p - a ring of protection from cold (right hand)
Wands
 i - a wand of digging (9)
Scrolls
 c - 3 scrolls of identify
Potions
 d - a potion of cancellation
 f - a potion of resistance
 g - 4 potions of mutation
 j - 7 potions of curing
 k - a potion of haste
 m - 3 potions of might

Dungeon Overview and Level Annotations

Branches:
Dungeon (9/15)             Temple (0/1) D:4           Sewer (visited)
Ossuary (visited)
   Lair: D:8-11         Orc: D:9-12

Altars:
Ashenzari
Dithmenos
Hepliaklqana
Trog
Xom

Shops:
D:5 :


Message History

The bullfrog hits you but does no damage.
The bullfrog is burned by your cloak of flames.
The bullfrog is moderately wounded.
The skeletal warrior completely misses you.
The gnoll closely misses you. x2; The gnoll sergeant misses you.
The kobold closely misses you.
The bullfrog hits you but does no damage.
The bullfrog is burned by your cloak of flames.
The bullfrog is heavily wounded.
You closely miss the bullfrog.
The bullfrog is heavily wounded.
You hit the skeletal warrior but do no damage.
You barely miss the kobold.
You feel very sick. The bullfrog closely misses you.
The skeletal warrior hits you but does no damage.
The gnoll closely misses you. The gnoll hits you but does no damage.
You are lethally poisoned!
The gnoll sergeant hits you from afar with a +2 vorpal spear.
The kobold barely misses you.
You barely miss the bullfrog.
The bullfrog is heavily wounded.
You hit the kobold.
You kill the kobold!
The kobold's corpse dissolves into shadows!
You slash the skeletal warrior!
You feel very sick.
The bullfrog hits you but does no damage.
The bullfrog is burned by your cloak of flames.
The bullfrog is severely wounded.
The skeletal warrior completely misses you.
The gnoll closely misses you. x2
The gnoll sergeant hits you but does no damage.
The bullfrog hits you.
The bullfrog is burned by your cloak of flames.
The bullfrog is almost dead.
You barely miss the bullfrog.
The bullfrog is almost dead.
You barely miss the skeletal warrior. You hit the orc warrior.
You die...

.... .#...#.... ....
.#.#......
.....#..#......{
....#...?.....
#...<........
..#...g.gK.....
......ozFg.....
####@#### ###
7.......7 7.7
7.7.7.7.7 7.7 7
7.7.7.7 ##.## 7.7.7.7
#.:.# 7...7.. ##...##
##7.7### #.....#
777.....7
###.....#777..##'##..7


You could see a skeletal warrior, an orc warrior, a gnoll sergeant (summoned), a
bullfrog (summoned), 2 gnolls and a kobold (summoned).

Vanquished Creatures
  2 two-headed ogres
  A gargoyle (D:9)
  2 hornets (D:9)
  Prince Ribbit (D:7)
  Sigmund (D:4)
  A shadow (D:9)
  2 wraiths (D:9)
  Grum (D:8)
  3 wyverns
  8 yaks
  A steam dragon (D:7)
  4 water moccasins
  4 orc warriors (D:9)
  2 ice beasts (D:7)
  An ogre (D:6)
  2 wolves (D:7)
  4 centaurs
  A phantom (D:6)
  9 kobold brigands
  5 scorpions
  A gnoll sergeant (D:5)
  7 bullfrogs
  4 howler monkeys
  3 hounds
  A gnoll bouda (D:7)
  4 orc priests
  2 human zombies (Ossuary)
  4 iguanas
  Ijyb (D:4)
  8 orc wizards
  5 mummies (Ossuary)
  8 gnolls
  9 adders
  3 river rats (Sewer)
  A white imp (D:7)
  4 ufetubi
  2 worms
  9 dart slugs
  24 orcs
  6 bats
  6 endoplasms
  4 giant cockroaches
  A gnoll zombie (Ossuary)
  4 goblins
  12 hobgoblins
  6 jackals
  3 ball pythons
  3 frilled lizards
  2 goblin zombies (Ossuary)
  2 hobgoblin zombies (Ossuary)
  31 kobolds
  A kobold zombie (Ossuary)
  10 rats
  2 rat zombies (D:7)
248 creatures vanquished.

Vanquished Creatures (others)
  7 fungi
  8 plants (D:9)
  3 toadstools (D:2)
18 creatures vanquished.

Grand Total: 266 creatures vanquished

Notes
Turn   | Place    | Note
-------+----------+-------------------------------------------
     0 | D:1      | qw the Formicid Cinder Acolyte began the quest for the Orb.
     0 | D:1      | Reached XP level 1. HP: 18/18 MP: 2/2
     0 | D:1      | 0 ||| qw: Version: 0.1-a-102-g441f92d
     0 | D:1      | 0 ||| qw: Game counter: 5315
     0 | D:1      | 0 ||| qw: Always use a shield: true
     0 | D:1      | 0 ||| qw: God list: Okawaru
     0 | D:1      | 0 ||| qw: Allow faded altars: false
     0 | D:1      | 0 ||| qw: Do Orc after D:15 true
     0 | D:1      | 0 ||| qw: Do second Lair branch before Depths: true
     0 | D:1      | 0 ||| qw: Lair rune preference: random
     0 | D:1      | 0 ||| qw: Plans: Normal
     0 | D:1      | 0 ||| PLANNING D:1-11
    44 | D:1      | 44 ||| Stepping ~*~*~tactically~*~*~ (stealth).
    48 | D:1      | 48 ||| Stepping ~*~*~tactically~*~*~ (hiding).
   215 | D:1      | 215 ||| Stepping ~*~*~tactically~*~*~ (stealth).
   233 | D:1      | 233 ||| Stepping ~*~*~tactically~*~*~ (stealth).
   377 | D:1      | Reached XP level 2. HP: 24/24 MP: 3/3
   452 | D:1      | 452 ||| Stepping ~*~*~tactically~*~*~ (stealth).
   453 | D:1      | 453 ||| Stepping ~*~*~tactically~*~*~ (stealth).
   454 | D:1      | 454 ||| Stepping ~*~*~tactically~*~*~ (stealth).
   458 | D:1      | 458 ||| Stepping ~*~*~tactically~*~*~ (stealth).
   482 | D:1      | 482 ||| Stepping ~*~*~tactically~*~*~ (stealth).
   483 | D:1      | 483 ||| Stepping ~*~*~tactically~*~*~ (stealth).
   484 | D:1      | 484 ||| Stepping ~*~*~tactically~*~*~ (stealth).
   487 | D:1      | 487 ||| Stepping ~*~*~tactically~*~*~ (stealth).
   489 | D:1      | 489 ||| Stepping ~*~*~tactically~*~*~ (stealth).
   496 | D:1      | 496 ||| Stepping ~*~*~tactically~*~*~ (stealth).
   537 | D:1      | 537 ||| INVOKING Fiery Armour.
   544 | D:1      | Reached skill level 4 in Axes
   544 | D:1      | Reached XP level 3. HP: 12/29 MP: 4/4
   747 | D:1      | 747 ||| Stepping ~*~*~tactically~*~*~ (stealth).
   750 | D:1      | 750 ||| Stepping ~*~*~tactically~*~*~ (stealth).
   755 | D:1      | 755 ||| INVOKING Fiery Armour.
   763 | D:1      | Reached skill level 1 in Dodging
   845 | D:1      | 845 ||| Stepping ~*~*~tactically~*~*~ (stealth).
   847 | D:1      | 847 ||| Stepping ~*~*~tactically~*~*~ (stealth).
   937 | D:1      | Found a faded altar of an unknown god.
  1051 | D:1      | 1051 ||| Stepping ~*~*~tactically~*~*~ (stealth).
  1052 | D:1      | 1052 ||| Stepping ~*~*~tactically~*~*~ (stealth).
  1055 | D:1      | 1055 ||| Stepping ~*~*~tactically~*~*~ (stealth).
  1282 | D:1      | 1282 ||| UPGRADING to +4 ring of evasion.
  1283 | D:1      | 1283 ||| READING 2 scrolls labelled KUGIDI WA VYO.
  1284 | D:1      | 1284 ||| READING scroll labelled YPNUBO QEKH.
  1285 | D:1      | 1285 ||| READING 2 scrolls labelled VUR SIGGEPPE.
  1286 | D:1      | 1286 ||| READING scroll labelled VUCZIW JOECHO.
  1287 | D:1      | 1287 ||| READING scroll labelled QIYMASYBUFF.
  1288 | D:1      | 1288 ||| READING scroll labelled ZIJURPHALUOPN.
  1289 | D:1      | 1289 ||| DROPPING scroll of fog.
  1290 | D:1      | 1290 ||| DROPPING scroll of immolation.
  1345 | D:2      | 1345 ||| Stepping ~*~*~tactically~*~*~ (hiding).
  1447 | D:2      | 1447 ||| Stepping ~*~*~tactically~*~*~ (hiding).
  1459 | D:2      | Reached XP level 4. HP: 35/35 MP: 5/5
  1518 | D:2      | 1518 ||| Stepping ~*~*~tactically~*~*~ (stealth).
  1525 | D:2      | 1525 ||| Stepping ~*~*~tactically~*~*~ (stealth).
  1551 | D:2      | 1551 ||| INVOKING Fiery Armour.
  1868 | D:2      | 1868 ||| Stepping ~*~*~tactically~*~*~ (stealth).
  2046 | D:2      | Reached skill level 5 in Axes
  2223 | D:2      | 2223 ||| FLEEEEING.
  2224 | D:2      | 2224 ||| FLEEEEING.
  2263 | D:2      | 2263 ||| Stepping ~*~*~tactically~*~*~ (stealth).
  2321 | D:2      | 2321 ||| Stepping ~*~*~tactically~*~*~ (stealth).
  2348 | D:2      | 2348 ||| Stepping ~*~*~tactically~*~*~ (stealth).
  2373 | D:2      | Reached XP level 5. HP: 41/41 MP: 6/6
  2418 | D:2      | You fall into a shaft and drop 1 floor!
  2442 | D:3      | 2442 ||| Stepping ~*~*~tactically~*~*~ (stealth).
  2551 | D:3      | 2551 ||| SWAPPING to +0 war axe.
  2577 | D:3      | 2577 ||| UPGRADING to +0 leather armour.
  2587 | D:3      | 2587 ||| DROPPING +0 robe.
  2588 | D:3      | 2588 ||| READING scroll labelled SATUAPS RELY.
  2589 | D:3      | 2589 ||| READING scroll labelled DAUK XUTUWUFF.
  2589 | D:3      | Identified a scroll of acquirement
  2589 | D:3      | 2589 ||| ACQUIRING amulet of the Prince of Darkness
                  | {Acrobat Str+2 Dex+6}
  2589 | D:3      | Acquired the amulet of the Prince of Darkness {Acrobat
                  | Str+2 Dex+6}
  2591 | D:3      | 2591 ||| UPGRADING to amulet of the Prince of Darkness
                  | {Acrobat Str+2 Dex+6}.
  2596 | D:3      | 2596 ||| DRINKING 2 brown potions.
  2642 | D:2      | 2642 ||| Stepping ~*~*~tactically~*~*~ (stealth).
  2820 | D:2      | 2820 ||| UPGRADING to +0 chain mail.
  2830 | D:2      | 2830 ||| DROPPING +0 leather armour.
  3172 | D:3      | 3172 ||| Stepping ~*~*~tactically~*~*~ (stealth).
  3311 | D:3      | Found a hazy altar of Hepliaklqana.
  3542 | D:3      | 3542 ||| DROPPING ring of wizardry.
  3543 | D:3      | 3543 ||| READING scroll labelled GOLOCSOCSO.
  3582 | D:4      | 3582 ||| READING scroll of acquirement.
  3582 | D:4      | 3582 ||| ACQUIRING +1 pair of boots of Salvation {+Inv}
  3582 | D:4      | Acquired the +1 pair of boots of Salvation {+Inv}
  3584 | D:4      | 3584 ||| UPGRADING to +1 pair of boots of Salvation {+Inv}.
  3622 | D:4      | Reached skill level 1 in Armour
  3734 | D:4      | Found a staircase to the Ecumenical Temple.
  3735 | D:4      | 3735 ||| UPGRADING to +3 chain mail.
  3745 | D:4      | 3745 ||| DROPPING +0 chain mail.
  3919 | D:4      | Noticed Sigmund
  3920 | D:4      | 3920 ||| Stepping ~*~*~tactically~*~*~ (stealth).
  3932 | D:4      | Killed Sigmund
  3933 | D:4      | Reached skill level 6 in Axes
  3933 | D:4      | Reached XP level 6. HP: 26/47 MP: 0/7
  4098 | D:4      | Found a bloodstained altar of Trog.
  4157 | D:4      | Reached XP level 7. HP: 39/54 MP: 8/8
  4321 | D:4      | 4321 ||| Stepping ~*~*~tactically~*~*~ (hiding).
  4324 | D:4      | Noticed Ijyb
  4325 | D:4      | 4325 ||| INVOKING Fiery Armour.
  4327 | D:4      | 4327 ||| Stepping ~*~*~tactically~*~*~ (hiding).
  4329 | D:4      | 4329 ||| FLEEEEING.
  4342 | D:4      | HP: 10/54 [constriction (7)]
  4343 | D:4      | Killed Ijyb
  4344 | D:4      | Reached skill level 7 in Axes
  4346 | D:4      | 4346 ||| FLEEEEING.
  4347 | D:4      | 4347 ||| FLEEEEING.
  4348 | D:4      | 4348 ||| FLEEEEING.
  4349 | D:4      | 4349 ||| FLEEEEING.
  4350 | D:4      | 4350 ||| FLEEEEING.
  4351 | D:4      | 4351 ||| FLEEEEING.
  4352 | D:4      | 4352 ||| FLEEEEING.
  4353 | D:4      | 4353 ||| FLEEEEING.
  4354 | D:4      | 4354 ||| FLEEEEING.
  4355 | D:4      | 4355 ||| FLEEEEING.
  4356 | D:4      | 4356 ||| FLEEEEING.
  4357 | D:4      | 4357 ||| FLEEEEING.
  4358 | D:4      | 4358 ||| FLEEEEING.
  4359 | D:4      | 4359 ||| FLEEEEING.
  4360 | D:4      | 4360 ||| FLEEEEING.
  4361 | D:4      | 4361 ||| FLEEEEING.
  4362 | D:4      | 4362 ||| FLEEEEING.
  4363 | D:4      | 4363 ||| FLEEEEING.
  4364 | D:4      | 4364 ||| FLEEEEING.
  4365 | D:4      | 4365 ||| FLEEEEING.
  4366 | D:4      | 4366 ||| FLEEEEING.
  4367 | D:4      | 4367 ||| FLEEEEING.
  4368 | D:4      | 4368 ||| FLEEEEING.
  4369 | D:4      | 4369 ||| FLEEEEING.
  4370 | D:4      | 4370 ||| FLEEEEING.
  4618 | D:4      | Found a shadowy altar of Dithmenos.
  4625 | D:4      | 4625 ||| UPGRADING to +1 pair of gloves of strength.
  4905 | D:4      | Found a shimmering altar of Xom.
  4911 | D:4      | 4911 ||| DROPPING +6 ring of intelligence.
  4912 | D:4      | 4912 ||| UPGRADING to ring of protection from cold.
  4913 | D:4      | 4913 ||| READING scroll labelled KUOCON FECESI.
  4914 | D:4      | 4914 ||| DRINKING 2 metallic purple potions.
  4915 | D:4      | 4915 ||| DRINKING 2 bubbling red potions.
  4916 | D:4      | 4916 ||| READING 3 scrolls of identify.
  4916 | D:4      | 4916 ||| IDENTIFYING fuming sapphire potion
  4917 | D:4      | 4917 ||| READING 2 scrolls of identify.
  4917 | D:4      | 4917 ||| IDENTIFYING fizzy yellow potion
  4918 | D:4      | 4918 ||| DROPPING potion of invisibility.
  4919 | D:4      | 4919 ||| DROPPING potion of attraction.
  4980 | D:5      | Entered Level 5 of the Dungeon
  5007 | D:5      | 5007 ||| INVOKING Fiery Armour.
  5009 | D:5      | Reached skill level 3 in Armour
  5075 | D:5      | 5075 ||| Stepping ~*~*~tactically~*~*~ (stealth).
  5136 | D:5      | 5136 ||| Stepping ~*~*~tactically~*~*~ (stealth).
  5236 | D:5      | 5236 ||| INVOKING Fiery Armour.
  5240 | D:5      | Reached XP level 8. HP: 60/60 MP: 9/9
  5243 | D:5      | 5243 ||| DRINKING potion of curing.
  5243 | D:5      | 5243 ||| (to cure confusion)
  5249 | D:5      | 5249 ||| Stepping ~*~*~tactically~*~*~ (stealth).
  5250 | D:5      | Noticed a yak
  5258 | D:5      | Noticed a yak
  5260 | D:5      | Noticed a yak
  5264 | D:5      | Killed a yak
  5265 | D:5      | Reached skill level 8 in Axes
  5272 | D:5      | Killed a yak
  5272 | D:5      | Killed a yak
  5273 | D:5      | Reached skill level 6 in Fighting
  5304 | D:5      | 5304 ||| Stepping ~*~*~tactically~*~*~ (stealth).
  5306 | D:5      | 5306 ||| Stepping ~*~*~tactically~*~*~ (stealth).
  5312 | D:5      | 5312 ||| Stepping ~*~*~tactically~*~*~ (stealth).
  5313 | D:5      | 5313 ||| Stepping ~*~*~tactically~*~*~ (stealth).
  5318 | D:5      | 5318 ||| Stepping ~*~*~tactically~*~*~ (stealth).
  5610 | D:5      | 5610 ||| Stepping ~*~*~tactically~*~*~ (hiding).
  5628 | D:5      | 5628 ||| INVOKING Fiery Armour.
  5629 | D:5      | Reached XP level 9. HP: 27/69 MP: 10/10
  5916 | D:5      | Found Dyalaeto's Book Shop.
  6219 | D:5      | 6219 ||| Stepping ~*~*~tactically~*~*~ (stealth).
  6464 | D:5      | 6464 ||| READING scroll labelled ABLERO WIGYRAHY.
  6617 | D:5      | 6617 ||| READING 2 scrolls of identify.
  6617 | D:5      | 6617 ||| IDENTIFYING fuming inky potion
  6618 | D:5      | 6618 ||| DROPPING potion of brilliance.
  6678 | D:4      | 6678 ||| Stepping randomly (stuck).
  6747 | D:6      | 6747 ||| PLANNING SEWER
  6880 | D:6      | Reached skill level 9 in Axes
  6886 | D:6      | 6886 ||| Stepping randomly (stuck).
  6887 | D:6      | 6887 ||| Stepping randomly (stuck).
  6905 | D:6      | 6905 ||| Stepping randomly (stuck).
  6906 | D:6      | 6906 ||| Stepping randomly (stuck).
  6907 | D:6      | 6907 ||| Stepping randomly (stuck).
  6908 | D:6      | 6908 ||| Stepping randomly (stuck).
  6976 | D:6      | 6976 ||| Stepping ~*~*~tactically~*~*~ (stealth).
  7054 | D:6      | Identified the +0 ring mail "Vausiuh" {Rampage}
  7168 | D:6      | Found a glowing drain.
  7177 | Sewer    | Entered a sewer
  7180 | Sewer    | 7180 ||| Stepping ~*~*~tactically~*~*~ (stealth).
  7182 | Sewer    | 7182 ||| Stepping ~*~*~tactically~*~*~ (stealth).
  7290 | Sewer    | 7290 ||| Stepping ~*~*~tactically~*~*~ (stealth).
  7309 | Sewer    | 7309 ||| Stepping ~*~*~tactically~*~*~ (stealth).
  7395 | Sewer    | Reached skill level 10 in Axes
  7679 | Sewer    | 7679 ||| READING scroll labelled YJEIVI CUACU.
  7680 | Sewer    | 7680 ||| READING 2 scrolls labelled PIAGITH WONKYO.
  7681 | Sewer    | 7681 ||| READING scroll of enchant weapon.
  7681 | Sewer    | 7681 ||| ENCHANTING +1 war axe.
  7682 | Sewer    | 7682 ||| DRINKING 2 inky potions.
  7694 | D:6      | 7694 ||| PLANNING D:1-11
  8069 | D:7      | 8069 ||| PLANNING OSSUARY
  8113 | D:7      | Noticed Prince Ribbit
  8148 | D:7      | Killed Prince Ribbit
  8149 | D:7      | Reached XP level 10. HP: 79/79 MP: 11/11
  8311 | D:7      | Reached skill level 11 in Axes
  8527 | D:7      | Found a sand-covered staircase.
  8528 | D:7      | 8528 ||| READING 2 scrolls of identify.
  8528 | D:7      | 8528 ||| IDENTIFYING lumpy dark potion
  8529 | D:7      | 8529 ||| DROPPING potion of degeneration.
  8543 | Ossuary  | Entered an ossuary
  8781 | Ossuary  | 8781 ||| READING 3 scrolls of identify.
  8781 | Ossuary  | 8781 ||| IDENTIFYING fuming cyan potion
  8782 | Ossuary  | 8782 ||| READING 2 scrolls of identify.
  8782 | Ossuary  | 8782 ||| IDENTIFYING red potion
  8783 | Ossuary  | 8783 ||| DROPPING potion of ambrosia.
  8798 | D:7      | 8798 ||| PLANNING D:1-11
  9042 | D:7      | Reached skill level 3 in Dodging
  9195 | D:7      | 9195 ||| INVOKING Fiery Armour.
  9288 | D:8      | 9288 ||| STAIRDANCE
  9366 | D:8      | Noticed Grum
  9367 | D:8      | 9367 ||| STAIRDANCE
  9405 | D:8      | 9405 ||| STAIRDANCE
  9461 | D:8      | 9461 ||| STAIRDANCE
  9467 | D:8      | 9467 ||| INVOKING Fiery Armour.
  9479 | D:8      | Killed Grum
  9535 | D:8      | 9535 ||| READING scroll of acquirement.
  9535 | D:8      | 9535 ||| ACQUIRING +1 vorpal battleaxe
  9535 | D:8      | Acquired a +1 vorpal battleaxe
  9537 | D:8      | 9537 ||| SWAPPING to +1 vorpal battleaxe.
  9538 | D:8      | 9538 ||| DROPPING +2 war axe.
  9607 | D:8      | 9607 ||| Stepping ~*~*~tactically~*~*~ (stealth).
 10072 | D:8      | Reached skill level 12 in Axes
 10156 | D:8      | 10156 ||| UPGRADING to +0 plate armour.
 10166 | D:8      | 10166 ||| DROPPING +3 chain mail.
 10167 | D:8      | 10167 ||| READING scroll labelled MEFACI SAHUE.
 10168 | D:8      | 10168 ||| Stepping randomly (stuck).
 10169 | D:8      | 10169 ||| Stepping ~*~*~tactically~*~*~ (cloud).
 10328 | D:9      | Noticed a two-headed ogre
 10334 | D:9      | 10334 ||| STAIRDANCE
 10339 | D:8      | 10339 ||| INVOKING Fiery Armour.
 10340 | D:8      | Killed a two-headed ogre
 10341 | D:8      | Reached skill level 6 in Armour
 10554 | D:9      | 10554 ||| STAIRDANCE
 10609 | D:9      | 10609 ||| STAIRDANCE
 10615 | D:9      | 10615 ||| STAIRDANCE
 10621 | D:9      | 10621 ||| STAIRDANCE
 10627 | D:8      | Reached XP level 11. HP: 86/86 MP: 12/12
 10629 | D:9      | 10629 ||| STAIRDANCE
 10635 | D:9      | 10635 ||| STAIRDANCE
 10871 | D:9      | Found a broken altar of Ashenzari.
 10936 | D:9      | 10936 ||| INVOKING Fiery Armour.
 10943 | D:9      | Reached skill level 13 in Axes
 10951 | D:9      | HP: 16/87 [poisoned by a kobold brigand (curare-tipped
                  | dart)]
 10952 | D:9      | 10952 ||| DRINKING potion of heal wounds.
 10956 | D:9      | Reached skill level 9 in Fighting
 10956 | D:9      | 10956 ||| FLEEEEING.
 10958 | D:9      | 10958 ||| FLEEEEING.
 10959 | D:9      | 10959 ||| FLEEEEING.
 10960 | D:9      | 10960 ||| FLEEEEING.
 10961 | D:9      | 10961 ||| FLEEEEING.
 10961 | D:9      | HP: 22/89 [poisoned by a kobold brigand (curare-tipped
                  | dart)]
 10962 | D:9      | 10962 ||| FLEEEEING.
 10963 | D:9      | 10963 ||| FLEEEEING.
 10964 | D:9      | 10964 ||| FLEEEEING.
 10965 | D:9      | 10965 ||| FLEEEEING.
 10966 | D:9      | 10966 ||| FLEEEEING.
 10967 | D:9      | 10967 ||| FLEEEEING.
 10968 | D:9      | 10968 ||| FLEEEEING.
 10969 | D:9      | 10969 ||| STAIRDANCE
 11248 | D:8      | 11248 ||| READING 3 scrolls of identify.
 11248 | D:8      | 11248 ||| IDENTIFYING white potion
 11249 | D:8      | 11249 ||| READING 2 scrolls of identify.
 11249 | D:8      | 11249 ||| IDENTIFYING green potion
 11250 | D:8      | 11250 ||| DROPPING potion of flight.
 11306 | D:9      | 11306 ||| Stepping ~*~*~tactically~*~*~ (hiding).
 11430 | D:9      | Noticed a two-headed ogre
 11431 | D:9      | 11431 ||| Stepping ~*~*~tactically~*~*~ (stealth).
 11438 | D:9      | Killed a two-headed ogre
 11475 | D:9      | Noticed a skeletal warrior
 11477 | D:9      | 11477 ||| INVOKING Fiery Armour.
 11489 | D:9      | HP: 19/87 [poisoned by a gnoll]
 11490 | D:9      | HP: 5/87 [bullfrog[a skeletal warrior] (5)]
 11491 | D:9      | Succumbed to a gnoll's poison

Levels and vault maps discovered:
D:1:      matt_arrival_refuge, layout_basic, ebering_ecumenical_altar_box
D:2:      layout_loops_ring, minmay_gold_behind_fungi
D:3:      layout_basic, nicolae_hepliaklqana_hippocampus, nicolae_eternal_life,
          hex_intersection, patterned_corridor
D:4:      layout_loops_ring, nicolae_overflow_hidden_temple,
          nicolae_dithmenos_through_a_glass_darkly, trog_three_pillars_becter,
          minmay_temple_entry_sparse_star, uniq_sigmund, uniq_ijyb
D:5:      layout_layer_cave, serial_shops, kennysheep_mini_moat
D:6:      layout_loops_cross, portal_sewer_entry_d, serial_glass,
          glass_columns_a, glass_columns_c, due_unseen_surprise
D:7:      kennysheep_steamy, layout_loops_cross, enter_ossuary_4,
          uniq_prince_ribbit1
D:8:      layout_basic, uniq_grum
D:9:      nzn_winding_woodlands_three_and_one
          [nzn_winding_woodlands_5x15_sidewinder,
          nzn_winding_woodlands_5x15_cabin, nzn_winding_woodlands_5x15_pockets,
          nzn_winding_woodlands_center_garden], layout_cave_pools,
          cheibrodos_ashenzari_chains, grunt_livestock,
          hangedman_decor_peaks_small

Skill      XL: |  1  2  3  4  5  6  7  8  9 10 11 |
---------------+----------------------------------+-----
Axes           | 4 5 6 7 8 10 12 13 | 13.3
Dodging        | 1 2 3 |  3.0
Armour         | 2 3 4 7 8 |  8.1
Fighting       | 4 6 7 8 9 |  9.0
Throwing       | 2 |  2.2
Spellcasting   | |  1.1
Fire Magic     | |  3.0

Action                   |  1- 3 |  4- 6 |  7- 9 | 10-12 || total
-------------------------+-------+-------+-------+-------++-------
Melee: Hand axe          |    70 |    97 |       |       ||   167
       Punch             |     1 |     1 |     1 |     3 ||     6
       War axe           |       |    65 |   243 |   155 ||   463
       Battleaxe         |       |       |       |   140 ||   140
Throw: Boomerang         |       |       |    62 |    18 ||    80
Invok: Fiery Armour      |     2 |     1 |     4 |     5 ||    12
  Use: Scroll            |     6 |     4 |     8 |     7 ||    25
       Potion            |       |     1 |     4 |     1 ||     6
Armor: Robe              |    16 |    16 |       |       ||    32
       Chain mail        |       |    24 |   135 |    60 ||   219
       Leather armour    |       |     1 |       |       ||     1
       Plate armour      |       |       |       |    92 ||    92
Dodge: Dodged            |    41 |   108 |   193 |   204 ||   546

Table legend:
 A = Non-vault XP
 B = Vault XP
 C = Vault XP percentage of total XP
 D = Non-vault monster count
 E = Vault monster count
 F = Vault count percentage of total count
                 A         B        C        D         E       F
            +---------+---------+-------+---------+---------+-------
      Total |    7947 |    4564 |  36.5 |     182 |      66 |  26.6
            +---------+---------+-------+---------+---------+-------
        D:1 |      65 |       0 |   0.0 |      28 |       0 |   0.0
        D:2 |      89 |       0 |   0.0 |      25 |       0 |   0.0
        D:3 |      33 |       0 |   0.0 |      12 |       0 |   0.0
        D:4 |     278 |     259 |  48.2 |      14 |       2 |  12.5
        D:5 |    1356 |       0 |   0.0 |      37 |       0 |   0.0
        D:6 |     818 |      14 |   1.7 |      11 |       1 |   8.3
        D:7 |    1202 |     702 |  36.9 |      18 |       6 |  25.0
        D:8 |    2515 |     207 |   7.6 |      30 |       1 |   3.2
        D:9 |    1591 |    2733 |  63.2 |       7 |      20 |  74.1
      Sewer |       0 |     465 | 100.0 |       0 |      23 | 100.0
    Ossuary |       0 |     184 | 100.0 |       0 |      13 | 100.0
            +---------+---------+-------+---------+---------+-------
